 Dungeon Crawl Stone Soup version 0.14-a0-736-g2a71271 (webtiles) character file.

218 PolkaDot the Vexing (level 4, -1/30 HPs)
             Began as a Vampire Enchanter on Nov 7, 2013.
             Slain by a hound (4 damage)
             ... on Level 3 of the Dungeon.
             The game lasted 00:12:27 (2112 turns).

PolkaDot the Vexing (Vampire Enchanter)             Turns: 2112, Time: 00:12:27

HP  -1/30        AC  3     Str  7      XL: 4   Next: 83%
MP   1/8         EV 12     Int 17      God:
Gold 92          SH  0     Dex 15      Spells:  2 memorised,  1 level left

Res.Fire  : . . .   See Invis. : +   o - +0,+2 short sword (elec)
Res.Cold  : . . .   Warding    : .   b - +1 robe
Life Prot.: . . .   Conserve   : .   (no shield)
Res.Poison: .       Res.Corr.  : .   (no helmet)
Res.Elec. : .       Clarity    : .   (no cloak)
Sust.Abil.: . .     Spirit.Shd : .   (no gloves)
Res.Mut.  : .       Stasis     : .   (no boots)
Res.Rott. : .       Flight     : .   (no amulet)
Saprovore : . . .                    (no ring)
                                     (no ring)

@: regenerating quickly, mildly poisoned, slightly resistant to hostile
enchantments, stealthy
A: fangs 3, see invisible, unbreathing
a: no special abilities


You were on level 3 of the Dungeon.
You were full.

You visited 1 branch of the dungeon, and saw 3 of its levels.

You collected 92 gold pieces.

Inventory:

Hand weapons
 o - a +0,+2 short sword of electrocution (weapon)
Missiles
 d - 10 darts (quivered)
Armour
 b - a +1 robe (worn)
Magical devices
 k - a wand of frost (7) {unknown}
Scrolls
 a - a scroll of identify {unknown}
 e - a scroll of teleportation {unknown}
 f - a scroll of blinking {unknown}
 i - a scroll of recharging {unknown}
 l - a scroll of enchant weapon II {unknown}
 m - a scroll of curse weapon {unknown}
 n - a scroll of remove curse {unknown}
Books
 c - a book of Maledictions

   Spells                             Type                      Level
   *Corona                            Hexes                        1
   Sure Blade                         Hexes/Charms                 2
   Ensorcelled Hibernation            Hexes/Ice                    2
   *Confuse                           Hexes                        3
   Enslavement                        Hexes                        4
   Invisibility                       Hexes                        6


   Skills:
 - Level 3.0 Short Blades
 - Level 0.7 Throwing
 - Level 2.1 Dodging
 + Level 4.1 Stealth
 - Level 1.0 Spellcasting
 * Level 6.6 Hexes


You had one spell level left.
You knew the following spells:

 Your Spells              Type           Power        Failure   Level  Hunger
A - Corona                Hex            ###....      1%          1    ##.....
C - Confuse               Hex            ###.....     6%          3    ####...


Dungeon Overview and Level Annotations

Branches:
Dungeon (3/27)

Altars:
Nemelex Xobeh

Portals:
Ziggurat: D:3 (5340 gp)


Innate Abilities, Weirdness & Mutations

Your natural rate of healing is unusually fast.
You have razor-sharp teeth.*
You have supernaturally acute eyesight.
You can survive without breathing.*


Message History

The hound is heavily wounded.
The hound completely misses you.
You barely miss the hound.
The hound is heavily wounded.
The hound bites you but does no damage. The hound closely misses you.
You closely miss the hound. Your bite misses the hound.
The hound is heavily wounded.
The hound barely misses you.
You hit the hound but do no damage.
The hound is heavily wounded.
The hound gazes forward, looking utterly alone.
The hound bites you.
* * * LOW HITPOINT WARNING * * *
The hound bites you.
* * * LOW HITPOINT WARNING * * *
You aren't carrying any potions.
You hit the hound.
The hound is heavily wounded.
The hound bites you.
You die...

#..# #.#
#..####.## #..#
##.####.........
#..#
#.........>...##
.
#..####....)###
..# #..#.## .##
#..#.#
..#####..#.#
.........#
..######@# #h#
##.######.##
........!..#
...#.......#
#.......#
#...∩...#
#...$....
#....(..##


You could see a hound.

Vanquished Creatures
  An orc priest (D:3)
  4 adders
  A giant gecko (D:3)
  8 orcs
  2 giant cockroaches (D:1)
  5 hobgoblins
  6 kobolds
  A quokka (D:2)
  4 bats
  6 giant newts
  9 goblins
  7 jackals
  5 rats
59 creatures vanquished.

Notes
Turn   | Place    | Note
--------------------------------------------------------------
     0 | D:1      | PolkaDot, the Vampire Enchanter, began the quest for the Orb.
     0 | D:1      | Reached XP level 1. HP: 13/13 MP: 4/4
   258 | D:1      | Reached XP level 2. HP: 11/19 MP: 5/5
  1050 | D:3      | Reached XP level 3. HP: 12/24 MP: 2/6
  1084 | D:3      | Reached skill level 5 in Hexes
  1173 | D:3      | Learned a level 3 spell: Confuse
  1529 | D:2      | You fall through a shaft!
  1586 | D:2      | Found a sparkling altar of Nemelex Xobeh.
  1726 | D:2      | Reached XP level 4. HP: 17/30 MP: 1/8
  2037 | D:3      | Reached skill level 6 in Hexes
  2081 | D:3      | Found a gateway to a ziggurat.
  2112 | D:3      | Slain by a hound

Action                   |  1- 3 |  4- 6 || total
-------------------------+-------+-------++-------
Melee: Dagger            |   327 |     2 ||   329
       Short sword       |       |    35 ||    35
Throw: Dart              |     6 |       ||     6
 Cast: Corona            |    15 |     2 ||    17
       Confuse           |     6 |     2 ||     8
  Use: Potion            |     2 |     2 ||     4
 Stab: Sleeping          |     6 |       ||     6
       Confused          |     2 |       ||     2
